 Dungeon Crawl Stone Soup version 0.22-a0-271-gc000056 (webtiles) character file.

3122 tidbits the Martial Artist (level 9, -1/68 HPs)
             Began as a Gnoll Transmuter on Mar 12, 2018.
             Was a Priest of Cheibriados.
             Slain by a gnoll sergeant
             ... wielding a +0 spear
              (3 damage)
             ... on level 11 of the Dungeon.
             The game lasted 00:16:57 (1952 turns).

tidbits the Martial Artist (Gnoll Transmuter)       Turns: 1952, Time: 00:16:58

Health: -1/68      AC:  2    Str: 20 (22) XL:     9   Next: 91%
Magic:  14/19      EV: 18    Int: 25 (26) God:    Cheibriados [***...]
Gold:   235        SH:  0    Dex: 28      Spells: 6/21 levels left

rFire    . . .     SeeInvis .     - Unarmed
rCold    . . .     Gourm    .   (shield currently unavailable)
rNeg     . . .     Faith    .   C - -1 leather armour (curse)
rPois    .         Spirit   .   (no helmet)
rElec    .         Reflect  .   (no cloak)
rCorr    .         Harm     .   (gloves currently unavailable)
MR       .....                  (no boots)
Stlth    +++.......             (no amulet)
HPRegen  0.21/turn              X - +5 ring of dexterity
MPRegen  0.16/turn              W - ring of wizardry

@: blade hands, very slightly contaminated, invisible, very slow
A: distributed training, fangs 1, strong nose
a: End Transformation, Bend Time, Temporal Distortion, Renounce Religion


You were on level 11 of the Dungeon.
You worshipped Cheibriados.
Cheibriados was most pleased with you.
You were hungry.
You had blades for hands.
You visited 2 branches of the dungeon, and saw 11 of its levels.

You collected 235 gold pieces.

Inventory:

Hand Weapons
 a - the +5 dagger "Otzuops" (melded) {freeze, rN+ Dex+2}
   (You found it on level 7 of the Dungeon)

   It has been specially enchanted to freeze those struck by it, causing extra
   injury to most foes and up to half again as much damage against particularly
   susceptible opponents.
   It can also slow down cold-blooded creatures.
   It affects your dexterity (+2).
   It protects you from negative energy.
 g - a +0 dagger
 q - a +4 dire flail of protection
   (You took it off Edmund on level 5 of the Dungeon)
 D - a +1 dagger of freezing
   (You took it off an orc on level 8 of the Dungeon)
Missiles
 h - 5 javelins (quivered)
 p - 6 sling bullets
 u - 14 tomahawks
 y - 38 arrows
Armour
 b - a +0 robe
 k - a +2 robe of positive energy
   (You took it off an orc wizard on level 8 of the Dungeon)
 o - a +0 ring mail
 r - a +2 chain mail of cold resistance
   (You took it off Edmund on level 5 of the Dungeon)
 s - a +2 scale mail of cold resistance
   (You found it on level 6 of the Dungeon)
 B - a +0 robe of cold resistance
   (You took it off Dowan on level 5 of the Dungeon)
 C - a cursed -1 leather armour (worn)
 G - a +0 pair of gloves
Magical Staves
 A - an uncursed staff of death {unknown}
   (You found it on level 6 of the Dungeon)
Jewellery
 W - a ring of wizardry (right scythe-like blade)
   (You found it on level 8 of the Dungeon)
 X - a +5 ring of dexterity (left scythe-like blade)
   (You found it on level 4 of the Dungeon)
Wands
 m - a wand of acid (8)
 v - a wand of iceblast (15)
Scrolls
 c - a scroll of teleportation
 e - a scroll of magic mapping
 f - a scroll of enchant weapon
 w - a scroll of fog
 x - a scroll of random uselessness
 E - a scroll of enchant armour
Potions
 i - 2 potions of degeneration
 j - a potion of haste
 l - 4 potions of curing
 n - a potion of might
 z - a potion of flight
Comestibles
 d - 6 rations


   Skills:
 + Level 5.3 Fighting
 + Level 4.6 Short Blades
 + Level 4.6 Long Blades
 + Level 4.6 Axes
 + Level 4.6 Maces & Flails
 + Level 4.6 Polearms
 + Level 4.6 Staves
 + Level 4.6 Slings
 + Level 4.6 Bows
 + Level 4.6 Crossbows
 + Level 4.6 Throwing
 + Level 4.6 Armour
 + Level 6.6 Dodging
 + Level 4.6 Stealth
 + Level 4.6 Shields
 + Level 8.1 Unarmed Combat
 + Level 6.9 Spellcasting
 + Level 3.8 Conjurations
 + Level 3.8 Hexes
 + Level 3.8 Charms
 + Level 3.8 Summonings
 + Level 3.8 Necromancy
 + Level 3.8 Translocations
 + Level 5.4 Transmutations
 + Level 3.8 Fire Magic
 + Level 3.8 Ice Magic
 + Level 3.8 Air Magic
 + Level 3.8 Earth Magic
 + Level 3.8 Poison Magic
 + Level 5.1 Invocations
 + Level 4.6 Evocations


You had 6 spell levels left.
You knew the following spells:

 Your Spells              Type           Power        Failure   Level  Hunger
e - Beastly Appendage     Tmut           #####.       6%          1    None
h - Blade Hands           Tmut           #####.....   32%         5    #####..
i - Ice Form              Ice/Tmut       ####....     22%         4    ###....
k - Sticks to Snakes      Tmut           #####...     7%          2    None
p - Spider Form           Tmut/Pois      ####......   12%         3    None


Dungeon Overview and Level Annotations

Branches:
Dungeon (11/15)            Temple (1/1) D:4
   Lair: D:8-11         Orc: D:9-12

Altars:
Cheibriados
Dithmenos
Hepliaklqana
Kikubaaqudgha
Uskayaw
Yredelemnul

Annotations:
D:5 Blork the orc
D:11 Grum


Innate Abilities, Weirdness & Mutations

Your experience applies equally to all skills.
You have very sharp teeth.
Your uncanny sense of smell can sniff out nearby items.


Message History

You feel your strength returning.
You see here a necrophage corpse.
There is a large open door here.
Your hands revert to their normal proportions.
The +5 dagger "Otzuops" {freeze, rN+ Dex+2} unmelds from your body.
The +5 dagger "Otzuops" {freeze, rN+ Dex+2} glows with a cold blue light!
Found 20 gold pieces.
Your ball python withers and dies!
Found a stone staircase leading down.
You see here 20 gold pieces.
You now have 235 gold pieces (gained 20).
Your ball python withers and dies!
There is a stone staircase leading down here.
You climb downwards.
Level annotation: Grum
There is a stone staircase leading up here.
Unknown command.
HP restored.
Found a ration.
You see here a ration.
d - 6 rations (gained 1)
You are feeling hungry.
Found an escape hatch in the ceiling.
A bullfrog skeleton comes into view.
Found 15 gold pieces.
The helpless bullfrog skeleton fails to defend itself.
You stick the bullfrog skeleton like a pincushion!!!
You freeze the bullfrog skeleton.
You destroy the bullfrog skeleton!
Cheibriados thoroughly appreciates the change of pace.
Found 14 gold pieces.
There is an escape hatch in the ceiling here.
Found a stone staircase leading down.
A quokka and a cyclops come into view.
Throwing (i - inventory. (/) - cycle)
h - 6 javelins (quivered)
Press: ? - help, Shift-Dir - straight line, f - quokka
Aim: a quokka (resting)
You throw a javelin. The javelin hits the quokka!
You kill the quokka!
Cheibriados appreciates the change of pace.
What are your orders? t - Bark!
Orders for allies: a - Attack new target. r - Retreat! s - Stop attacking. g - Guard the area. f - Follow me.
Anything else - Cancel.
You bark for attention!
You hear a shout!
You hear a bark!
You hear a shout! x3
Casting: Sticks to Snakes (safe; 1% risk of failure)
Confirm with . or Enter, or press ? or * to list all spells.
You create 3 snakes!
You now have 38 arrows.
You swap places.
A gnoll sergeant comes into view. It is wielding a spear.
There is an escape hatch in the ceiling here.
You swap places.
The cyclops throws a large rock.
The large rock hits your adder!!
Your adder dies!
Unknown command.
It was a potion of heal wounds.
You feel much better.
Casting: Sticks to Snakes (safe; 1% risk of failure)
Confirm with . or Enter, or press ? or * to list all spells.
Your hands turn into razor-sharp scythe blades.
The +5 dagger "Otzuops" {freeze, rN+ Dex+2} melds into your body.
The +5 dagger "Otzuops" {freeze, rN+ Dex+2} stops glowing.
The cyclops throws a large rock.
The large rock barely misses you.
The cyclops throws a large rock.
The large rock hits you!!!
Ouch! That really hurt!
* * * LOW HITPOINT WARNING * * *
You see here 2 large rocks.
A hound comes into view.
The cyclops completely misses you.
You slash the cyclops! You slash the cyclops.
The cyclops is moderately wounded.
The cyclops completely misses you.
You slice the cyclops!! You bite the cyclops, but do no damage.
The cyclops is severely wounded.
The gnoll sergeant hits you from afar with a spear!
* * * LOW HITPOINT WARNING * * *
The cyclops barely misses you.
You hit the cyclops but do no damage.
You slash the cyclops, but do no damage.
The cyclops is severely wounded.
The gnoll sergeant hits you from afar with a spear.
* * * LOW HITPOINT WARNING * * *
A jackal, a gnoll and a troll come into view.
It was a potion of invisibility.
You fade into invisibility!
The cyclops barely misses you.
The gnoll sergeant hits you from afar with a spear!
* * * LOW HITPOINT WARNING * * *
You are very lightly contaminated with residual magic.
You swap places.
A gnoll comes into view. It is wielding a whip.
Your ball python bites the cyclops but does no damage.
The troll bites your ball python!
Your ball python dies!
The gnoll sergeant hits your water moccasin with a spear.
Your water moccasin completely misses the gnoll sergeant.
The jackal misses you.
The gnoll sergeant hits you with a spear.
You die...

#.# #.# ##
##.## ...
...## (.
..$. #.##..
#.h.T# .
#C###.#.#.
..
#S@h>.......
#g###.#.#.#
##g## ..
##g..####.#
#.........#
#.#...######
#.###.## ..#
##.# g##
##.##


You could see a cyclops, a troll, a gnoll sergeant, a hound, 2 gnolls, a jackal
and a friendly water moccasin.

Vanquished Creatures
  Pikel (D:8)
  The ghost of Karim the Carver, a novice SpFi of Okawaru (D:9)
  A hippogriff (D:9)
  A hungry ghost (D:10)
  Edmund (D:5)
  Duvessa (D:5)
  2 ice beasts
  A phantom (D:5)
  A black bear (D:7)
  3 ogres
  A necrophage (D:10)
  A wolf (D:10)
  A crocodile (D:7)
  A bullfrog (D:9)
  Dowan (D:5)
  3 scorpions
  2 crimson imps
  3 hounds
  A centaur zombie (D:10)
  3 orc priests
  3 orc wizards
  2 bullfrog skeletons
  3 iguanas
  A howler monkey zombie (D:7)
  A worker ant zombie (D:8)
  2 adders
  A shadow imp (D:7)
  An adder zombie (D:5)
  An adder skeleton (D:9)
  A leopard gecko (D:5)
  21 orcs
  2 giant cockroaches
  4 jackals
  2 quokkas
  A goblin (D:1)
  A jackal skeleton (D:5)
  A jackal zombie (D:5)
  A leopard gecko zombie (D:5)
  A quokka zombie (D:5)
80 creatures vanquished.

Vanquished Creatures (collateral kills)
  A bullfrog (D:9)
  A bullfrog skeleton (D:9)
  An adder (D:9)
  2 orcs (D:7)
  A frilled lizard (D:5)
  A leopard gecko zombie (D:5)
7 creatures vanquished.

Vanquished Creatures (others)
  A hound (D:8)
  An iguana (D:8)
2 creatures vanquished.

Grand Total: 89 creatures vanquished

Notes
Turn   | Place    | Note
-------+----------+-------------------------------------------
     0 | D:1      | tidbits the Gnoll Transmuter began the quest for the Orb.
     0 | D:1      | Reached XP level 1. HP: 17/17 MP: 6/6
    69 | D:2      | You fall through a shaft for 2 floors!
   106 | D:4      | Reached XP level 2. HP: 17/23 MP: 5/7
   108 | D:4      | Reached skill level 5 in Spellcasting
   108 | D:4      | Reached XP level 3. HP: 15/28 MP: 5/9
   112 | D:4      | Learned a level 2 spell: Sticks to Snakes
   116 | D:4      | Learned a level 3 spell: Spider Form
   118 | D:4      | Noticed a scorpion
   135 | D:4      | Killed a scorpion
   135 | D:4      | Reached skill level 1 in Short Blades
   135 | D:4      | Reached skill level 1 in Long Blades
   135 | D:4      | Reached skill level 1 in Axes
   135 | D:4      | Reached skill level 1 in Maces & Flails
   135 | D:4      | Reached skill level 1 in Polearms
   135 | D:4      | Reached skill level 1 in Staves
   135 | D:4      | Reached skill level 1 in Slings
   135 | D:4      | Reached skill level 1 in Bows
   135 | D:4      | Reached skill level 1 in Crossbows
   135 | D:4      | Reached skill level 1 in Throwing
   135 | D:4      | Reached skill level 1 in Armour
   135 | D:4      | Reached skill level 1 in Stealth
   135 | D:4      | Reached skill level 1 in Shields
   135 | D:4      | Reached skill level 1 in Invocations
   135 | D:4      | Reached skill level 1 in Evocations
   135 | D:4      | Reached XP level 4. HP: 21/34 MP: 3/11
   162 | D:4      | Reached skill level 1 in Conjurations
   162 | D:4      | Reached skill level 1 in Hexes
   162 | D:4      | Reached skill level 1 in Charms
   162 | D:4      | Reached skill level 1 in Summonings
   162 | D:4      | Reached skill level 1 in Necromancy
   162 | D:4      | Reached skill level 1 in Translocations
   162 | D:4      | Reached skill level 1 in Fire Magic
   162 | D:4      | Reached skill level 1 in Ice Magic
   162 | D:4      | Reached skill level 1 in Air Magic
   162 | D:4      | Reached skill level 1 in Earth Magic
   162 | D:4      | Reached skill level 1 in Poison Magic
   182 | D:4      | Found a staircase to the Ecumenical Temple.
   191 | Temple   | Entered the Ecumenical Temple
   200 | Temple   | Became a worshipper of Cheibriados the Contemplative
   236 | D:5      | Entered Level 5 of the Dungeon
   252 | D:5      | Noticed a phantom
   260 | D:5      | Killed a phantom
   260 | D:5      | Reached skill level 3 in Fighting
   260 | D:5      | Reached XP level 5. HP: 28/41 MP: 8/12
   305 | D:4      | Reached skill level 4 in Transmutations
   313 | D:4      | Learned a level 4 spell: Ice Form
   490 | D:5      | Noticed Blork the orc
   597 | D:5      | Noticed Edmund
   598 | D:5      | Noticed an ice beast
   616 | D:5      | Killed Edmund
   616 | D:5      | Reached skill level 2 in Invocations
   616 | D:5      | Reached XP level 6. HP: 26/47 MP: 9/14
   625 | D:5      | Killed an ice beast
   625 | D:5      | Reached skill level 2 in Short Blades
   625 | D:5      | Reached skill level 2 in Long Blades
   625 | D:5      | Reached skill level 2 in Axes
   625 | D:5      | Reached skill level 2 in Maces & Flails
   625 | D:5      | Reached skill level 2 in Polearms
   625 | D:5      | Reached skill level 2 in Staves
   625 | D:5      | Reached skill level 2 in Slings
   625 | D:5      | Reached skill level 2 in Bows
   625 | D:5      | Reached skill level 2 in Crossbows
   625 | D:5      | Reached skill level 2 in Throwing
   625 | D:5      | Reached skill level 2 in Armour
   625 | D:5      | Reached skill level 5 in Dodging
   625 | D:5      | Reached skill level 2 in Stealth
   625 | D:5      | Reached skill level 2 in Shields
   625 | D:5      | Reached skill level 2 in Evocations
   669 | D:5      | Reached XP level 7. HP: 36/52 MP: 10/15
   693 | D:5      | Noticed Duvessa
   700 | D:5      | Noticed Dowan
   701 | D:5      | Killed Duvessa
   701 | D:5      | Reached skill level 7 in Unarmed Combat
   707 | D:5      | Killed Dowan
   707 | D:5      | Reached skill level 2 in Conjurations
   707 | D:5      | Reached skill level 2 in Hexes
   707 | D:5      | Reached skill level 2 in Charms
   707 | D:5      | Reached skill level 2 in Summonings
   707 | D:5      | Reached skill level 2 in Necromancy
   707 | D:5      | Reached skill level 2 in Translocations
   707 | D:5      | Reached skill level 2 in Fire Magic
   707 | D:5      | Reached skill level 2 in Ice Magic
   707 | D:5      | Reached skill level 2 in Air Magic
   707 | D:5      | Reached skill level 2 in Earth Magic
   707 | D:5      | Reached skill level 2 in Poison Magic
   736 | D:5      | Reached * piety under Cheibriados
   949 | D:7      | Reached skill level 3 in Invocations
  1011 | D:7      | Reached XP level 8. HP: 20/60 MP: 8/16
  1058 | D:7      | Got a shimmering dagger
  1200 | D:7      | Reached ** piety under Cheibriados
  1200 | D:7      | Reached skill level 4 in Fighting
  1203 | D:7      | Reached skill level 3 in Short Blades
  1203 | D:7      | Reached skill level 3 in Long Blades
  1203 | D:7      | Reached skill level 3 in Axes
  1203 | D:7      | Reached skill level 3 in Maces & Flails
  1203 | D:7      | Reached skill level 3 in Polearms
  1203 | D:7      | Reached skill level 3 in Staves
  1203 | D:7      | Reached skill level 3 in Slings
  1203 | D:7      | Reached skill level 3 in Bows
  1203 | D:7      | Reached skill level 3 in Crossbows
  1203 | D:7      | Reached skill level 3 in Throwing
  1203 | D:7      | Reached skill level 3 in Armour
  1203 | D:7      | Reached skill level 3 in Stealth
  1203 | D:7      | Reached skill level 3 in Shields
  1203 | D:7      | Reached skill level 3 in Evocations
  1256 | D:8      | Identified the +5 dagger "Otzuops" {freeze, rN+ Dex+2} (You found it on level 7 of the Dungeon)
  1262 | D:8      | Noticed Pikel
  1276 | D:8      | Killed Pikel
  1276 | D:8      | Reached skill level 6 in Spellcasting
  1364 | D:7      | Reached skill level 3 in Conjurations
  1364 | D:7      | Reached skill level 3 in Hexes
  1364 | D:7      | Reached skill level 3 in Charms
  1364 | D:7      | Reached skill level 3 in Summonings
  1364 | D:7      | Reached skill level 3 in Necromancy
  1364 | D:7      | Reached skill level 3 in Translocations
  1364 | D:7      | Reached skill level 3 in Fire Magic
  1364 | D:7      | Reached skill level 3 in Ice Magic
  1364 | D:7      | Reached skill level 3 in Air Magic
  1364 | D:7      | Reached skill level 3 in Earth Magic
  1364 | D:7      | Reached skill level 3 in Poison Magic
  1364 | D:7      | Reached skill level 4 in Invocations
  1465 | D:8      | Reached XP level 9. HP: 66/66 MP: 12/18
  1529 | D:9      | Reached skill level 6 in Dodging
  1535 | D:9      | Reached *** piety under Cheibriados
  1535 | D:9      | Reached skill level 5 in Transmutations
  1605 | D:9      | Reached skill level 4 in Short Blades
  1605 | D:9      | Reached skill level 4 in Long Blades
  1605 | D:9      | Reached skill level 4 in Axes
  1605 | D:9      | Reached skill level 4 in Maces & Flails
  1605 | D:9      | Reached skill level 4 in Polearms
  1605 | D:9      | Reached skill level 4 in Staves
  1605 | D:9      | Reached skill level 4 in Slings
  1605 | D:9      | Reached skill level 4 in Bows
  1605 | D:9      | Reached skill level 4 in Crossbows
  1605 | D:9      | Reached skill level 4 in Throwing
  1605 | D:9      | Reached skill level 4 in Armour
  1605 | D:9      | Reached skill level 4 in Stealth
  1605 | D:9      | Reached skill level 4 in Shields
  1605 | D:9      | Reached skill level 4 in Evocations
  1670 | D:10     | Entered Level 10 of the Dungeon
  1724 | D:10     | Reached skill level 5 in Fighting
  1732 | D:10     | Learned a level 5 spell: Blade Hands
  1748 | D:11     | Noticed Grum
  1778 | D:9      | Noticed Karim's ghost (novice SpFi)
  1783 | D:9      | Killed Karim's ghost
  1783 | D:9      | Reached skill level 8 in Unarmed Combat
  1783 | D:9      | Reached skill level 5 in Invocations
  1937 | D:11     | Noticed a cyclops
  1951 | D:11     | Noticed a troll
  1951 | D:11     | HP: 2/68 [gnoll sergeant/spear (11)]
  1952 | D:11     | Slain by a gnoll sergeant

Vault maps used:
D:1:      scummos_arrival_hexagon, minmay_misc_feat_iff
D:2:      minmay_overflow_temple_hex, first_ration, minmay_goblin_kobold_house,
          uniq_robin, uniq_sigmund
D:4:      minmay_temple_entry_trees, serial_shops, nicolae_shop_trees,
          serial_forest, infiniplex_forest_clump_small,
          infiniplex_forest_lined_3, infiniplex_forest_straight_2,
          infiniplex_forest_clump_diagonal, infiniplex_forest_clump_long,
          infiniplex_forest_clump_large, infiniplex_forest_lined_2,
          infiniplex_forest_clump_diagonal
D:5:      uniq_duvessa, uniq_blork_the_orc, uniq_edmund
D:8:      cheibrodos_quashed, blue_anna_alchemist, uniq_pikel, uniq_psyche
D:9:      old_standard_altar, serial_bayou_pond_d, minmay_misc_feat_rugged,
          kennysheep_windowed_goal
D:10:     lair_entry_dummy
D:11:     orc_0_dummy, special_room, uniq_urug, uniq_grum, uniq_josephine
Temple:   eino_wide_crystal_templ

Skill      XL: |  1  2  3  4  5  6  7  8  9 |
---------------+----------------------------+-----
Spellcasting   | 5 6 |  6.9
Short Blades   | 1 2 3 4 |  4.6
Long Blades    | 1 2 3 4 |  4.6
Axes           | 1 2 3 4 |  4.6
Maces & Flails | 1 2 3 4 |  4.6
Polearms       | 1 2 3 4 |  4.6
Staves         | 1 2 3 4 |  4.6
Slings         | 1 2 3 4 |  4.6
Bows           | 1 2 3 4 |  4.6
Crossbows      | 1 2 3 4 |  4.6
Throwing       | 1 2 3 4 |  4.6
Armour         | 1 2 3 4 |  4.6
Stealth        | 1 2 3 4 |  4.6
Shields        | 1 2 3 4 |  4.6
Invocations    | 1 2 3 4 5 |  5.1
Evocations     | 1 2 3 4 |  4.6
Conjurations   | 1 2 3 |  3.8
Hexes          | 1 2 3 |  3.8
Charms         | 1 2 3 |  3.8
Summonings     | 1 2 3 |  3.8
Necromancy     | 1 2 3 |  3.8
Translocations | 1 2 3 |  3.8
Fire Magic     | 1 2 3 |  3.8
Ice Magic      | 1 2 3 |  3.8
Air Magic      | 1 2 3 |  3.8
Earth Magic    | 1 2 3 |  3.8
Poison Magic   | 1 2 3 |  3.8
Fighting       | 3 4 5 |  5.3
Transmutations | 4 5 |  5.4
Dodging        | 5 6 |  6.6
Unarmed Combat | 7 8 |  8.1

Action                   |  1- 3 |  4- 6 |  7- 9 || total
-------------------------+-------+-------+-------++-------
Melee: Unarmed           |    12 |    54 |   187 ||   253
       Headbutt          |     3 |     2 |       ||     5
       Kick              |     1 |     3 |       ||     4
       Bite              |       |     2 |     5 ||     7
       Dagger            |       |       |    13 ||    13
       Punch             |       |       |     2 ||     2
Throw: Javelin           |       |       |     2 ||     2
 Cast: Beastly Appendage |     2 |     2 |       ||     4
       Sticks to Snakes  |     1 |     5 |    24 ||    30
       Spider Form       |     1 |     4 |    22 ||    27
       Ice Form          |       |       |     1 ||     1
       Blade Hands       |       |       |     3 ||     3
Invok: Bend Time         |       |       |     1 ||     1
 Abil: End Transformatio |       |     1 |       ||     1
  Use: Scroll            |       |       |     8 ||     8
       Potion            |       |       |     5 ||     5
 Stab: Distracted        |       |       |     5 ||     5
       Sleeping          |       |       |     3 ||     3
  Eat: Chunk             |       |       |     4 ||     4
Armor: Robe              |     1 |       |     2 ||     3
       Skin              |     1 |     1 |    20 ||    22
Dodge: Dodged            |     7 |    26 |   207 ||   240

Table legend:
 A = Spawn XP
 B = Non-spawn XP
 C = Spawn XP percentage of total XP
 D = Spawn monster count
 E = Non-spawn monster count
 F = Spawn count percentage of total count
 G = Total turns spent on level
                    A         B        C        D         E        F      G
               +---------+---------+-------+---------+---------+-------+---------
         Total |       0 |    4460 |   0.0 |       0 |      88 |   0.0 |  1952
               +---------+---------+-------+---------+---------+-------+---------
           D:1 |       0 |       1 |   0.0 |       0 |       1 |   0.0 |    51
           D:4 |       0 |     172 |   0.0 |       0 |       9 |   0.0 |   265
           D:5 |       0 |     714 |   0.0 |       0 |      15 |   0.0 |   413
           D:7 |       0 |     662 |   0.0 |       0 |      26 |   0.0 |   347
           D:8 |       0 |     813 |   0.0 |       0 |      15 |   0.0 |   283
           D:9 |       0 |    1285 |   0.0 |       0 |      12 |   0.0 |   200
          D:10 |       0 |     772 |   0.0 |       0 |       8 |   0.0 |   170
          D:11 |       0 |      41 |   0.0 |       0 |       2 |   0.0 |    90
               +---------+---------+-------+---------+---------+-------+---------

Table legend:
 A = Turns spent in this place as a percentage of turns spent in the entire game.
 B = Non-inter-level travel turns spent in this place as a percentage of non-inter-level travel turns spent in the entire game.
 C = Inter-level travel turns spent in this place as a percentage of turns spent in this place.
 D = Turns resting spent in this place as a percentage of non-inter-level travel turns spent in this place.
 E = Turns spent auto-exploring this place as a percentage of non-inter-level travel turns spent in this place.
 F = Non-inter-level travel turns spent in this place divided by the number of levels of this place that you've seen.
                   A       B       C       D       E      F
               +-------+-------+-------+-------+-------+----------------------
         Total | 100.0 | 100.0 |   0.0 |   0.0 |   0.0 | 177.5
       Dungeon |  99.0 |  99.0 |   0.0 |   0.0 |   0.0 | 193.3
        Temple |   1.0 |   1.0 |   0.0 |   0.0 |   0.0 |  19.0
               +-------+-------+-------+-------+-------+----------------------

Table legend:
 A = Kills in this place as a percentage of kills in entire the game.
 B = Kills by you in this place as a percentage of kills by you in the entire game.
 C = Kills by friends in this place as a percentage of kills by friends in the entire game.
 D = Other kills in this place as a percentage of other kills in the entire game.
 E = Experience gained in this place as a percentage of experience gained in the entire game.
 F = Experience gained in this place divided by the number of levels of this place that you have seen.
                   A       B       C       D       E      F
               +-------+-------+-------+-------+-------+----------------------
         Total | 100.0 | 100.0 | 100.0 | 100.0 | 100.0 | 405.5
       Dungeon | 100.0 | 100.0 | 100.0 | 100.0 | 100.0 | 446.0
               +-------+-------+-------+-------+-------+----------------------

Vault maps used:
D:1:      scummos_arrival_hexagon, minmay_misc_feat_iff
D:2:      minmay_overflow_temple_hex, first_ration, minmay_goblin_kobold_house,
          uniq_robin, uniq_sigmund
D:4:      minmay_temple_entry_trees, serial_shops, nicolae_shop_trees,
          serial_forest, infiniplex_forest_clump_small,
          infiniplex_forest_lined_3, infiniplex_forest_straight_2,
          infiniplex_forest_clump_diagonal, infiniplex_forest_clump_long,
          infiniplex_forest_clump_large, infiniplex_forest_lined_2,
          infiniplex_forest_clump_diagonal
D:5:      uniq_duvessa, uniq_blork_the_orc, uniq_edmund
D:8:      cheibrodos_quashed, blue_anna_alchemist, uniq_pikel, uniq_psyche
D:9:      old_standard_altar, serial_bayou_pond_d, minmay_misc_feat_rugged,
          kennysheep_windowed_goal
D:10:     lair_entry_dummy
D:11:     orc_0_dummy, special_room, uniq_urug, uniq_grum, uniq_josephine
Temple:   eino_wide_crystal_templ
